 Dungeon Crawl Stone Soup version 0.29.1-15-g9cfb28693d (webtiles) character file.

Game seed: 12905499476240620209

8209 Eitelfritz the Cleaver (level 11, 0/97 HPs)
             Began as a Hill Orc Fighter on Apr 22, 2023.
             Was an Initiate of Hepliaklqana.
             Slain by an unseen horror (7 damage)
             ... on level 10 of the Dungeon.
             The game lasted 00:22:02 (12820 turns).

Eitelfritz the Cleaver (Hill Orc Fighter)          Turns: 12820, Time: 00:22:02

Health: 0/97       AC: 13    Str: 24    XL:     11   Next: 27%
Magic:  11/11      EV: 10    Int:  8    God:    Hepliaklqana [......]
Gold:   1176       SH: 15    Dex: 10    Spells: 10/10 levels left

rFire   + . .      SeeInvis .   a - +2 war axe
rCold   . . .      Faith    .   g - +0 kite shield
rNeg    . . .      Spirit   .   A - +2 ring mail {Will+}
rPois   .          Reflect  +   k - +0 helmet
rElec   .          Harm     .   i - +0 cloak
rCorr   +          Rampage  .   w - +0 pair of gloves
Will    +....                   (no boots)
Stlth   +.........              d - amulet of reflection
HPRegen 0.26/turn               u - ring of resist corrosion
MPRegen 0.12/turn               F - ring of protection from fire

@: studying Armour
A: no striking features
a: Renounce Religion


You were on level 10 of the Dungeon.
You worshipped Hepliaklqana.
Hepliaklqana was noncommittal.
You visited 2 branches of the dungeon, and saw 11 of its levels.
You also visited: Bailey.

You collected 1176 gold pieces.

Inventory:

Hand Weapons
 a - a +2 war axe (weapon)
 b - a +0 sling
 c - a +4 battleaxe of freezing
 x - a +1 morningstar of holy wrath
 E - a +0 broad axe
Missiles
 f - 23 boomerangs
 h - 64 poisoned darts
 C - 5 curare-tipped darts (quivered)
 D - 8 datura-tipped darts
Armour
 g - a +0 kite shield (worn)
 i - a +0 cloak (worn)
 k - a +0 helmet (worn)
 w - a +0 pair of gloves (worn)
 y - a +0 tower shield
 A - a +2 ring mail of willpower (worn)
 L - +0 acid dragon scales
Jewellery
 d - an amulet of reflection (around neck)
 u - a ring of resist corrosion (left hand)
 v - the ring "Guyk" {rCorr MP+9 Int+5 Stlth-}
   (You found it on level 9 of the Dungeon)

   [ring of resist corrosion]

   Int:       It affects your intelligence (+5).
   MP:        It affects your magic capacity (+9).
   rCorr:     It protects you from acid and corrosion.
   Stlth:     It makes you less stealthy.
 F - a ring of protection from fire (right hand)
 N - a ring of positive energy
Wands
 q - a wand of polymorph (7)
 z - a wand of light (3)
 K - a wand of paralysis (5)
 M - a wand of iceblast (5)
Scrolls
 e - 3 scrolls of fear
 o - 2 scrolls of magic mapping
 B - a scroll of teleportation
 G - a scroll of identify
 H - 2 scrolls of vulnerability
 J - a scroll of amnesia
Potions
 j - 2 potions of brilliance
 l - 7 potions of curing
 m - 2 potions of lignification
 n - a potion of berserk rage {unknown}
 p - 3 potions of attraction
 r - 3 potions of haste
 t - a potion of mutation {unknown}
 I - a potion of invisibility
Miscellaneous
 s - a piece from Xom's chessboard (15/15)


   Skills:
 + Level 9.2 Fighting
 + Level 14.0 Axes
 + Level 0.8 Throwing
 + Level 9.4 Armour
 + Level 3.8 Dodging
 + Level 1.9 Stealth
 + Level 8.8 Shields


You had 10 spell levels left.
You didn't know any spells.
Your spell library contained the following spells:

 Spells                   Type           Power      Damage    Failure   Level
 Blink                    Tloc           0%         N/A       92%         2
 Call Canine Familiar     Summ           0%         N/A       99%         3
 Frozen Ramparts          Ice            0%         1d1       99%         3
 Lesser Beckoning         Tloc           0%         N/A       99%         3
 Portal Projectile        Hex/Tloc       0%         N/A       99%         3
 Stone Arrow              Conj/Erth      0%         3d7       99%         3
 Ice Form                 Ice/Tmut       0%         N/A       100%        4
 Leda's Liquefaction      Hex/Erth       0%         N/A       100%        4
 Summon Ice Beast         Ice/Summ       0%         N/A       100%        4
 Manifold Assault         Tloc           0%         N/A       100%        5
 Malign Gateway           Summ/Tloc      0%         N/A       100%        7
 Lehudib's Crystal Spear  Conj/Erth      0%         10d2      100%        8
 Summon Horrible Things   Summ           0%         N/A       100%        8


Dungeon Overview and Level Annotations

Branches:
Dungeon (10/15)            Temple (1/1) D:4            Lair (0/5) D:9
 Bailey (visited)
    Orc: D:9-12

Altars:
Ashenzari
Cheibriados
Dithmenos
Elyvilon
Fedhas
Gozag
Hepliaklqana
Kikubaaqudgha
Makhleb
Nemelex Xobeh
Okawaru
Qazlal
Ru
Sif Muna
Trog
Uskayaw
Vehumet
Xom
Yredelemnul
Zin
The Shining One


Message History

Something hits you. Something hits you! Something hits you but does no damage.
There is an open door here.
Something hits you! Something hits you but does no damage.
Something hits you but does no damage. Something hits you but does no damage.
Something hits you but does no damage.
There is an open door here.
You block something's attack.
You closely miss something. Something hits you.
You hit something. Something hits you but does no damage.
You block something's attack.
There is an open door here.
You block something's attack. Something hits you.
You closely miss something. You block something's attack.
Something hits you but does no damage.
There is an open door here.
You block something's attack. Something hits you but does no damage.
Something hits you! Something hits you.
You miss something. Something hits you but does no damage. Something hits you!
* * * LOW HITPOINT WARNING * * *
You closely miss something. Something hits you but does no damage.
You block something's attack.
Unknown command.
Something hits you but does no damage. Something hits you.
* * * LOW HITPOINT WARNING * * *
Something hits you!
* * * LOW HITPOINT WARNING * * *
You block something's attack. Something hits you!
* * * LOW HITPOINT WARNING * * *
Something hits you!
* * * LOW HITPOINT WARNING * * *
Something hits you!
You die...

#...# #........#
#.#.#####........#
#######.#.....#........#
.....##.#####.#........#
.........<>............#
.....##.#..###.........#
...............#.#######
.............###.#
.....##.##.....#@#####
.....##.....##.......#
.....#####..##.......#
..#### #. ##.......# ..#
##......# ..# ########
..# ..# ..#


There were no monsters in sight!

Vanquished Creatures
  A two-headed ogre (D:9)
  Pikel (D:5)
  2 trolls
  A hornet (D:9)
  2 wraiths
  2 wyverns
  A vampire (D:10)
  3 yaks (D:9)
  Eustachio (D:4)
  2 steam dragons (D:8)
  Menkaure (D:6)
  An acid dragon (D:8)
  A water moccasin (D:7)
  Duvessa (D:7)
  A sky beast (D:7)
  2 black bears
  An ice beast (D:7)
  5 ogres
  5 orc warriors
  A wolf (D:9)
  A centaur (D:10)
  9 kobold brigands
  2 phantoms (D:5)
  Blork the orc (D:4)
  4 necrophages
  4 bullfrogs
  2 scorpions (D:6)
  9 wights
  Dowan (D:7)
  3 howler monkeys (D:7)
  2 electric eels (D:9)
  2 gnoll boudas
  6 orc priests
  6 hounds
  2 jellies
  4 iguanas
  9 orc wizards
  11 gnolls
  5 adders
  A shadow imp (D:5)
  3 white imps
  2 ufetubi
  A worm (D:4)
  3 dart slugs
  31 orcs
  9 ball pythons
  3 bats (D:2)
  7 endoplasms
  3 giant cockroaches (D:3)
  2 goblins (D:2)
  11 hobgoblins
  32 kobolds
  2 quokkas
  3 frilled lizards
  A rat (D:3)
232 creatures vanquished.

Notes
Turn   | Place    | Note
-------+----------+-------------------------------------------
     0 | D:1      | Eitelfritz the Hill Orc Fighter began the quest for the
                  | Orb.
     0 | D:1      | Reached XP level 1. HP: 19/19 MP: 1/1
   246 | D:1      | Found a faded altar of an unknown god.
   420 | D:1      | Reached XP level 2. HP: 27/27 MP: 2/2
   636 | D:1      | Reached skill level 3 in Axes
   850 | D:2      | Got Okkiume's Precepts of Hurting
   986 | D:2      | Reached XP level 3. HP: 30/33 MP: 3/3
  1916 | D:3      | Found a radiant altar of Vehumet.
  2160 | D:4      | Reached XP level 4. HP: 40/40 MP: 4/4
  2180 | D:4      | Noticed a necrophage
  2195 | D:4      | Killed a necrophage
  2196 | D:4      | Reached skill level 4 in Axes
  2196 | D:4      | Reached XP level 5. HP: 31/46 MP: 5/5
  2332 | D:4      | Found a staircase to the Ecumenical Temple.
  2366 | Temple   | Entered the Ecumenical Temple
  2736 | D:4      | Noticed Eustachio
  2747 | D:4      | Killed Eustachio
  2748 | D:4      | Reached skill level 5 in Axes
  2748 | D:4      | Reached XP level 6. HP: 34/53 MP: 6/6
  2895 | D:4      | Noticed Blork the orc
  2912 | D:4      | Killed Blork the orc
  2913 | D:4      | Reached skill level 5 in Armour
  3455 | D:4      | Reached skill level 5 in Fighting
  3523 | D:4      | Identified the +0 scale mail "Zouretot" {MP-9 Str+8 Int+2}
  3697 | D:5      | Entered Level 5 of the Dungeon
  3713 | D:5      | Reached skill level 6 in Axes
  3713 | D:5      | Reached skill level 1 in Dodging
  3713 | D:5      | Reached XP level 7. HP: 26/59 MP: 7/7
  4473 | D:5      | Reached skill level 7 in Axes
  4609 | D:5      | Reached XP level 8. HP: 27/70 MP: 8/8
  4674 | D:5      | Reached skill level 1 in Stealth
  5251 | D:5      | Reached skill level 8 in Axes
  5696 | D:6      | Noticed Pikel
  5904 | D:6      | Reached skill level 9 in Axes
  6160 | D:6      | Noticed a troll
  6181 | D:6      | HP: 3/71 [troll (10)]
  6182 | D:6      | Killed a troll
  6183 | D:6      | Reached skill level 5 in Shields
  6183 | D:6      | Reached XP level 9. HP: 4/78 MP: 9/9
  6746 | D:6      | Reached skill level 10 in Axes
  6907 | D:5      | Killed Pikel
  7077 | D:6      | Reached skill level 11 in Axes
  7104 | D:6      | Noticed Menkaure
  7294 | D:6      | Killed Menkaure
  7786 | D:7      | Found a large runed translucent door.
  7787 | D:7      | Found a large runed translucent door.
  7896 | D:7      | Reached skill level 12 in Axes
  7896 | D:7      | Reached XP level 10. HP: 74/86 MP: 10/10
  8025 | D:7      | Found a flagged portal.
  8034 | Bailey   | Entered a bailey
  8666 | Bailey   | Found an iron altar of Okawaru.
  9057 | D:7      | Noticed Duvessa
  9061 | D:7      | Noticed Dowan
  9068 | D:7      | Killed Duvessa
  9073 | D:7      | Killed Dowan
  9751 | D:7      | Found a snail-covered altar of Cheibriados.
  9760 | D:7      | Found a blossoming altar of Fedhas.
 10011 | D:8      | Reached skill level 13 in Axes
 10527 | D:9      | Noticed a two-headed ogre
 10536 | D:9      | Killed a two-headed ogre
 10682 | D:9      | Found a hazy altar of Hepliaklqana.
 10686 | D:9      | Became a worshipper of Hepliaklqana the Forgotten
 10697 | D:9      | Found a staircase to the Lair.
 10713 | D:9      | Reached XP level 11. HP: 49/95 MP: 11/11
 11227 | D:9      | Identified the ring "Guyk" {rCorr MP+9 Int+5 Stlth-}
 11724 | D:9      | Reached skill level 14 in Axes
 11974 | D:9      | Found a sparkling altar of Nemelex Xobeh.
 12016 | D:9      | Noticed a two-headed ogre
 12483 | D:10     | Entered Level 10 of the Dungeon
 12545 | D:10     | Found a shimmering blue altar of Sif Muna.
 12820 | D:10     | Slain by an unseen horror

Illustrated notes

Levels and vault maps discovered:
D:1:      lightli_arrival_statue_moat, layout_basic,
          ebering_ecumenical_altar_mist, feat_on_display
D:2:      layout_loops_cross, kennysheep_generic_room_2
D:3:      layout_basic, nicolae_vehumet_radiance
D:4:      layout_gridville, minmay_temple_entry_glass,
          kennysheep_generic_room_3, uniq_eustachio, uniq_blork_the_orc
D:5:      minmay_clustersquares, layout_loops_ring
D:6:      layout_loops_ring, minmay_holes, minmay_manual_monstrance,
          uniq_menkaure, uniq_pikel
D:7:      layout_basic, jmf_multi_god_temple2, enter_bailey_1, uniq_duvessa
D:8:      layout_rooms
D:9:      layout_loops_ring, mainiacjoe_overflow_big_doors, erik_lair_island,
          minmay_misc_feat_pillars, onia_ninara_dug_in_and_dangerous
D:10:     layout_basic, kennysheep_mini, nicolae_wu_jian_immortal_techniques,
          orc_0_dummy, serial_shops, nicolae_shop_waterfront
Temple:   eino_wide_crystal_templ

Skill      XL: |  1  2  3  4  5  6  7  8  9 10 11 |
---------------+----------------------------------+-----
Axes           | 3 4 5 6 7 9 12 13 14 | 14.0
Fighting       | 4 5 6 7 8 9 |  9.2
Armour         | 4 5 6 7 9 |  9.4
Dodging        | 1 2 3 |  3.8
Shields        | 4 5 6 8 |  8.8
Stealth        | 1 |  1.9
Throwing       | |  0.8

Action                   |  1- 3 |  4- 6 |  7- 9 | 10-12 || total
-------------------------+-------+-------+-------+-------++-------
Melee: War axe           |    99 |    75 |   310 |   336 ||   820
Throw: Boomerang         |       |     3 |       |       ||     3
       Dart              |       |       |     4 |     1 ||     5
  Use: Scroll            |     5 |     4 |     1 |     9 ||    19
       Potion            |       |     1 |     2 |     1 ||     4
Armor: Scale mail        |    52 |    48 |   100 |    19 ||   219
       Ring mail         |       |       |       |   108 ||   108
Dodge: Dodged            |    45 |    37 |    86 |    75 ||   243
Block: Buckler           |    25 |    13 |    52 |       ||    90
       Kite shield       |       |       |   153 |   234 ||   387
       Reflection        |       |       |     1 |    19 ||    20
